 Dungeon Crawl Stone Soup version 0.30-a0-845-g7c6808c8ce (webtiles) character file.

Game seed: 8503182103676768124

43 112233 the Shooter (level 3, 0/18 HPs)
             Began as a Kobold Hexslinger on Mar 2, 2023.
             Slain by a quokka (2 damage)
             ... on level 1 of the Dungeon.
             The game lasted 00:01:40 (1216 turns).

112233 the Shooter (Kobold Hexslinger)              Turns: 1216, Time: 00:01:40

Health: 0/18       AC:  4    Str:  8 (11) XL:     3   Next: 82%
Magic:  4/4        EV: 14    Int: 12 (15) God:
Gold:   65         SH:  0    Dex: 11 (12) Spells: 3/4 levels left

rFire   . . .      SeeInvis .    a - +1 sling
rCold   . . .      Faith    .    (no shield)
rNeg    . . .      Spirit   .    c - +0 robe
rPois   .          Reflect  .    (no helmet)
rElec   .          Rampage  .    (no cloak)
rCorr   .                        (no gloves)
Will    .....                    (no boots)
Stlth   ++                       (no amulet)
HPRegen 0.23/turn                (no ring)
MPRegen 0.09/turn                (no ring)

@: on berserk cooldown
A: small, no large weapons, nightstalker 3, iridescent scales 1, clumsy 1, frail
1, strong 1
a: no special abilities


You were on level 1 of the Dungeon.
You visited 1 branch of the dungeon, and saw 2 of its levels.

You collected 65 gold pieces.

Inventory:

Hand Weapons
 a - a +1 sling (weapon)
Armour
 c - a +0 robe (worn)
Jewellery
 f - a ring of flight
Scrolls
 b - a scroll of poison
 d - a scroll of enchant armour {unknown}
 j - a scroll of noise {unknown}
 l - a scroll of identify {unknown}
 n - a scroll of enchant weapon {unknown}
Potions
 h - a potion of mutation


   Skills:
 + Level 2.0 Fighting
 * Level 4.1 Ranged Weapons
 + Level 3.1 Dodging
 - Level 1.1 Spellcasting
 - Level 3.0 Hexes


You had 3 spell levels left.
You knew the following spells:

 Your Spells              Type           Power      Damage    Failure   Level
a - Slow                  Hex            28%        N/A       9%          1

Your spell library contained the following spells:

 Spells                   Type           Power      Damage    Failure   Level
 Confusing Touch          Hex            7%         N/A       26%         3
 Inner Flame              Hex/Fire       4%         N/A       43%         3
 Portal Projectile        Hex/Tloc       8%         N/A       43%         3
 Vampiric Draining        Necr           0%         2d6       65%         3
 Cause Fear               Hex            3%         N/A       65%         4


Dungeon Overview and Level Annotations

Branches:
Dungeon (2/15)

Altars:


Innate Abilities, Weirdness & Mutations

You are small and have problems with some larger weapons.
You are completely attuned to the shadows.
You are partially covered in iridescent scales. (AC +2)
You are clumsy. (Dex -2)
You are frail. (-10% HP)
Your muscles are strong. (Str +4, Int/Dex -1)


Message History

The quokka barely misses you.
It was a potion of berserk rage.
A red film seems to cover your vision as you go berserk!
You feel yourself moving faster!
You feel mighty!
Unknown command.
You feel a strong urge to attack something.
The quokka closely misses you.
You feel your anger nearly subside.
You are no longer berserk.
You are exhausted.
You feel yourself slow down.
The quokka twitches its whiskers.
Fire: a) +1 sling
Press: ? - help, Q - select action, (/) - cycle Shift-Dir - straight line, f/p - dart slug
Aim: a dart slug (heavily wounded, 93% to hit)
You shoot a sling bullet.
The sling bullet barely misses the quokka.
The sling bullet hits the dart slug!
You kill the dart slug!
The quokka bites you.
* * * LOW HITPOINT WARNING * * *
The quokka barely misses you.
It was a potion of cancellation.
Your magical effects are unravelling.
You feel magically purged.
You feel yourself speed up.
You feel yourself slow down. The quokka closely misses you. x2
It was a potion of degeneration.
There was something very wrong with that liquid.
You feel weakened.
You feel dopey.
You feel clumsy. The quokka barely misses you.
The quokka completely misses you. The quokka misses you.
Unknown command.
Fire: a) +1 sling
Press: ? - help, Q - select action, (/) - cycle Shift-Dir - straight line, f - quokka
Aim: a quokka (46% to hit)
You shoot a sling bullet.
The sling bullet barely misses the quokka.
The quokka bites you.
You die...

# ######### ### ........# #>#
#######.# ♣.. ......#.# ########
#≈♣. #####.#'###......# #≈≈♣
#...........@#############≈≈♣
#..........rr#...........##≈♣
#####............#...........####
...##.#.###......#...........###.
......#..........................
...............>............#####
..........#.................#
......###.####..........##.##
......# #.# #..........##.#


You could see 2 quokkas.

Vanquished Creatures
  4 dart slugs (D:1)
  4 endoplasms (D:1)
  A giant cockroach (D:1)
  2 goblins (D:1)
  2 hobgoblins
  6 jackals (D:1)
  2 quokkas (D:1)
  4 ball pythons
  2 bats (D:1)
  2 frilled lizards (D:1)
  3 rats (D:1)
32 creatures vanquished.

Notes
Turn   | Place    | Note
-------+----------+-------------------------------------------
     0 | D:1      | 112233 the Kobold Hexslinger began the quest for the Orb.
     0 | D:1      | Reached XP level 1. HP: 12/12 MP: 2/2
   153 | D:1      | Reached skill level 3 in Ranged Weapons
   190 | D:1      | Reached XP level 2. HP: 16/16 MP: 3/3
   594 | D:1      | Reached XP level 3. HP: 18/21 MP: 4/4
   857 | D:1      | Reached skill level 4 in Ranged Weapons
  1201 | D:1      | Gained mutation: You are frail. (-10% HP) [potion of
                  | mutation]
  1201 | D:1      | Gained mutation: Your muscles are strong. (Str +4, Int/Dex
                  | -1) [potion of mutation]
  1201 | D:1      | Gained mutation: You are clumsy. (Dex -2) [potion of
                  | mutation]
  1201 | D:1      | Gained mutation: You are partially covered in iridescent
                  | scales. (AC +2) [potion of mutation]
  1216 | D:1      | Slain by a quokka

Illustrated notes

Levels and vault maps discovered:
D:1:      saegor_arrival_simple_d, layout_basic
D:2:      layout_basic, minmay_misc_feat_pillars, kennysheep_generic_room_9

Skill      XL: |  1  2  3 |
---------------+----------+-----
Ranged Weapons | 3 4 |  4.1
Dodging        | 3 |  3.1
Fighting       | 2 |  2.0
Spellcasting   | |  1.1
Hexes          | |  3.0

Action                     || total
---------------------------++-------
   Fire: Sling             ||    98
   Cast: Slow              ||     3
    Use: Potion            ||     6
 Armour: Robe              ||    10
  Dodge: Dodged            ||    80

Table legend: (Time is in decaauts)
 A = Elapsed time spent in this place.
 B = Non-inter-level travel time spent in this place.
 C = Inter-level travel time spent in this place.
 D = Time resting spent in this place.
 E = Time spent auto-exploring this place.
 F = Levels seen in this place.
 G = Mean time per level.
                   A        B        C        D        E       F      G
               +--------+--------+--------+--------+--------+-----+--------+
         Total |   1237 |   1214 |     23 |      0 |   1042 |   2 |  618.5 |
       Dungeon |   1237 |   1214 |     23 |      0 |   1042 |   2 |  618.5 |
               +--------+--------+--------+--------+--------+-----+--------+

Top non-repeatable levels by time:
     D:1: 1229 daAuts
     D:2: 7 daAuts
